 Seeded DCSS version 0.28-a0-1555-g9ae15a6949 (webtiles) character file.

Game seed: 20220104 (custom seed)

108 a11behringer the Slasher (level 4, -4/41 HPs)
             Began as a Minotaur Berserker on Jan 19, 2022.
             Was a Believer of Trog.
             Slain by Grinder (5 damage)
             ... on level 3 of the Dungeon.
             The game lasted 00:03:40 (1600 turns).

a11behringer the Slasher (Minotaur Berserker)       Turns: 1600, Time: 00:03:40

Health: -4/41      AC:  7    Str: 24    XL:     4   Next: 58%
Magic:  3/3        EV: 10    Int:  4    God:    Trog [**....]
Gold:   49         SH:  0    Dex:  9    Spells: 3/3 levels left

rFire   . . .      SeeInvis .   a - +0 falchion
rCold   . . .      Faith    .   (no shield)
rNeg    . . .      Spirit   .   g - +0 scale mail
rPois   .          Reflect  .   (helmet restricted)
rElec   .          Harm     .   (no cloak)
rCorr   .          Rampage  .   (no gloves)
Will    .....                   c - +0 pair of boots
Stlth   ..........              (no amulet)
HPRegen 0.13/turn               (no ring)
MPRegen 0.08/turn               (no ring)

@: on berserk cooldown, slowed, very slow
A: horns 2, retaliatory headbutt
a: Renounce Religion, Berserk, Trog's Hand


You were on level 3 of the Dungeon.
You worshipped Trog.
Trog was pleased with you.
You visited 1 branch of the dungeon, and saw 3 of its levels.

You collected 49 gold pieces.

Inventory:

Hand Weapons
 a - a +0 falchion (weapon)
 e - a +0 hunting sling
Missiles
 d - 6 curare-tipped darts (quivered)
 h - 11 sling bullets
 i - 45 arrows
Armour
 b - a +0 animal skin
 c - a +0 pair of boots (worn)
 g - a +0 scale mail (worn)
Scrolls
 k - a scroll of identify {unknown}
 l - a scroll of fog {unknown}
Potions
 f - a potion of lignification {unknown}
 j - a potion of flight {unknown}


   Skills:
 + Level 4.6 Fighting
 * Level 5.4 Long Blades
 + Level 2.8 Armour
 + Level 2.6 Dodging


You had 3 spell levels left.
You didn't know any spells.
Your spell library was empty.

Dungeon Overview and Level Annotations

Branches:
Dungeon (3/15)

Altars:

Annotations:
D:3 Grinder


Innate Abilities, Weirdness & Mutations

You have a pair of horns on your head.
You reflexively headbutt those who attack you in melee.


Message History

Grinder gestures at you. You resist with significant effort.
The frilled lizard bites you.
The frilled lizard bites you but does no damage.
Grinder gestures at you. Pain shoots through your body!
The frilled lizard bites you but does no damage.
Grinder gestures at you. You resist with significant effort.
The frilled lizard bites you.
You closely miss Grinder. Your headbutt misses Grinder.
Grinder is heavily wounded.
The frilled lizard barely misses you. You furiously retaliate!
You headbutt the frilled lizard!
You kill the frilled lizard!
Trog accepts your kill. Grinder hits you. Grinder gestures at you.
You suddenly lose the ability to move!
Grinder hits you!
* * * LOW HITPOINT WARNING * * *
You writhe in agony.
* * * LOW HITPOINT WARNING * * *
You can move again.
You closely miss Grinder.
Grinder is heavily wounded.
Grinder misses you.
You slash Grinder!
Grinder is severely wounded.
Grinder closely misses you. Grinder gestures at you.
You shrug off the repeated paralysis!
You hit Grinder. You headbutt Grinder.
Grinder is almost dead.
Grinder says, "At least Makhleb appreciates what I'm doing."
Grinder barely misses you.
You closely miss Grinder. Your headbutt misses Grinder.
Grinder is almost dead.
Grinder hits you.
* * * LOW HITPOINT WARNING * * *
You writhe in agony.
You die...

#.# #...
#.# #.##
#.# #.
#.####
##....#
#..###.#
#..#
#.†###.#
##@...#
#5#.##
#.#.#
#.# #
#<# #.#
#.# #.#


You could see Grinder.

Vanquished Creatures
  A water moccasin skeleton (D:3)
  An adder (D:3)
  A worm (D:2)
  3 dart slugs
  A bat (D:1)
  An endoplasm (D:3)
  4 goblins
  7 hobgoblins
  4 jackals (D:1)
  3 quokkas (D:2)
  5 ball pythons
  6 frilled lizards
  4 kobolds
  4 rats
45 creatures vanquished.

Vanquished Creatures (others)
  A rat (D:2)
1 creature vanquished.

Grand Total: 46 creatures vanquished

Notes
Turn   | Place    | Note
-------+----------+-------------------------------------------
     0 | D:1      | a11behringer the Minotaur Berserker began the quest for the
                  | Orb.
     0 | D:1      | Reached XP level 1. HP: 19/19 MP: 0/0
   123 | D:1      | Reached skill level 4 in Long Blades
   123 | D:1      | Reached XP level 2. HP: 24/27 MP: 1/1
   575 | D:1      | Reached XP level 3. HP: 33/33 MP: 2/2
   815 | D:2      | Reached ** piety under Trog
   982 | D:2      | Found a faded altar of an unknown god.
  1404 | D:3      | Reached skill level 5 in Long Blades
  1404 | D:3      | Reached XP level 4. HP: 31/41 MP: 3/3
  1576 | D:3      | Noticed Grinder
  1595 | D:3      | Paralysed by Grinder for 2 turns
  1600 | D:3      | HP: 1/41 [Grinder (5)]
  1600 | D:3      | Slain by Grinder

Illustrated notes

Levels and vault maps discovered:
D:1:      scummos_arrival_simple_crosswalls, layout_basic, st_stairs_12
D:2:      layout_rooms, shapermc_ecumenical_altar_rom_forum, lemuel_old_faithful
D:3:      cheibrodos_pilgrimage, layout_loops_ring, uniq_grinder

Skill      XL: |  1  2  3 |
---------------+----------+-----
Long Blades    | 4 5 |  5.4
Fighting       | 4 |  4.6
Armour         | |  2.8
Dodging        | |  2.6

Action                   |  1- 3 |  4- 6 || total
-------------------------+-------+-------++-------
Melee: Falchion          |   101 |    14 ||   115
       Headbutt          |    12 |     5 ||    17
       Punch             |     2 |       ||     2
Invok: Berserk           |       |     1 ||     1
       Trog's Hand       |       |     1 ||     1
 Stab: Sleeping          |     1 |       ||     1
Armor: Animal skin       |     7 |       ||     7
       Scale mail        |    30 |     3 ||    33
Dodge: Dodged            |    82 |     9 ||    91

Table legend: (Time is in decaauts)
 A = Elapsed time spent in this place.
 B = Non-inter-level travel time spent in this place.
 C = Inter-level travel time spent in this place.
 D = Time resting spent in this place.
 E = Time spent auto-exploring this place.
 F = Levels seen in this place.
 G = Mean time per level.
                   A        B        C        D        E       F      G
               +--------+--------+--------+--------+--------+-----+--------+
         Total |   1610 |   1513 |     97 |      0 |   1220 |   3 |  536.7 |
       Dungeon |   1610 |   1513 |     97 |      0 |   1220 |   3 |  536.7 |
               +--------+--------+--------+--------+--------+-----+--------+

Top non-repeatable levels by time:
     D:1: 703 daAuts
     D:2: 609 daAuts
     D:3: 297 daAuts
